General information
- name: BNet
- type: Ladder team game (AT/RT)
- host: Battle.net
- saver: sObieski
map: Battleground
- players: 8
- length: 25:42
- speed: Fast
- version: 1.28 W3XP
- replay type: Public
» download(281 KB)
Players
team 1 (winner)
Cuck (
red | 50 APM | 1297 actions | 25:42)
5 Archmage
3 Blizzard
2 Brilliance Aura
» actions
| Basic commands | 2 | |
| Build / train | 60 | |
| ESC pressed | 3 | |
| Enter build submenu | 37 | |
| Enter hero's abilities submenu | 5 | |
| Right click | 840 | |
| Select / deselect | 292 | |
| Use ability | 58 | |
1297 total
» units
| Peasant | 15 | |
| Rifleman | 15 | |
| Dragonhawk Rider | 2 | |
32 total
» upgrades
| Gunpowder | 3 | |
| Armor | 3 | |
| Masonry | 2 | |
| Long Rifles | 1 | |
9 total
» buildings
| Altar of Kings | 1 | |
| Farm | 9 | |
| Lumber Mill | 1 | |
| Scout Tower | 16 | |
| Blacksmith | 2 | |
| Barracks | 2 | |
| Arcane Tower | 1 | |
| Arcane Vault | 1 | |
| Keep | 1 | |
| Town Hall | 1 | |
| Castle | 1 | |
| Guard Tower | 7 | |
| Gryphon Aviary | 2 | |
45 total
» build order
00:09 Altar of Kings
00:13 Farm
00:57 Farm
01:41 Lumber Mill
01:52 Scout Tower
02:18 Blacksmith
02:21 Barracks
02:26 Blacksmith
02:32 Barracks
02:41 Arcane Tower
02:57 Farm
04:26 Farm
04:58 Arcane Vault
05:14 Farm
06:02 Farm
07:19 Keep
07:33 Farm
09:33 Town Hall
09:35 Scout Tower
09:37 Scout Tower
09:48 Farm
12:17 Castle
14:10 Scout Tower
14:12 Scout Tower
14:15 Scout Tower
14:43 Scout Tower
14:45 Guard Tower
14:49 Scout Tower
14:51 Scout Tower
15:18 Guard Tower
17:39 Scout Tower
17:56 Farm
18:17 Guard Tower
18:20 Scout Tower
19:04 Guard Tower
19:07 Scout Tower
20:48 Guard Tower
20:50 Scout Tower
21:00 Scout Tower
21:58 Gryphon Aviary
22:04 Gryphon Aviary
22:52 Guard Tower
22:55 Scout Tower
23:32 Guard Tower
23:33 Scout Tower
» items
| Scroll of Regeneration | 2 | |
| Scroll of Town Portal | 1 | |
3 total
sObieski (
purple | 132 APM | 3406 actions | 25:42)
8 Archmage
3 Summon Water Elemental
3 Brilliance Aura
1 Mass Teleport
1 Blizzard
6 Mountain King
3 Storm Bolt
3 Bash
» actions
| Assign group hotkey | 125 | |
| Basic commands | 149 | |
| Build / train | 161 | |
| ESC pressed | 2 | |
| Enter build submenu | 35 | |
| Enter hero's abilities submenu | 14 | |
| Give item / drop item | 2 | |
| Right click | 1233 | |
| Select / deselect | 525 | |
| Select group hotkey | 930 | |
| Use ability | 230 | |
3406 total
» units
| Peasant | 12 | |
| Footman | 3 | |
| Rifleman | 14 | |
| Forest Troll Shadow Priest | 1 | |
| Flying Machine | 9 | |
| Siege Engine | 3 | |
| Mortar Team | 4 | |
46 total
» upgrades
| Gunpowder | 3 | |
| Armor | 2 | |
| Long Rifles | 1 | |
| Flak Cannons | 1 | |
| Flare | 1 | |
| Plating | 3 | |
| Flying Machine Bombs | 1 | |
| Masonry | 3 | |
| Barrage | 1 | |
| Fragmentation Shards | 1 | |
17 total
» buildings
| Altar of Kings | 1 | |
| Barracks | 1 | |
| Farm | 7 | |
| Arcane Vault | 1 | |
| Blacksmith | 1 | |
| Keep | 2 | |
| Workshop | 2 | |
| Castle | 2 | |
| Town Hall | 1 | |
| Scout Tower | 14 | |
| Lumber Mill | 1 | |
| Cannon Tower | 5 | |
| Arcane Tower | 4 | |
| Guard Tower | 24 | |
66 total
» build order
00:52 Altar of Kings
00:53 Barracks
00:58 Farm
01:06 Farm
01:16 Farm
02:07 Arcane Vault
02:46 Blacksmith
03:05 Farm
03:33 Keep
03:34 Keep
04:47 Farm
05:30 Farm
06:19 Workshop
07:29 Farm
08:48 Castle
08:48 Castle
09:34 Workshop
14:34 Town Hall
14:35 Scout Tower
14:36 Scout Tower
14:38 Scout Tower
14:53 Scout Tower
15:02 Lumber Mill
15:20 Cannon Tower
15:20 Cannon Tower
15:20 Cannon Tower
15:22 Arcane Tower
15:22 Arcane Tower
15:47 Guard Tower
15:47 Guard Tower
15:48 Guard Tower
15:48 Guard Tower
15:48 Guard Tower
16:26 Scout Tower
16:27 Scout Tower
16:27 Scout Tower
16:28 Scout Tower
16:31 Scout Tower
17:11 Guard Tower
17:11 Guard Tower
17:11 Guard Tower
17:12 Guard Tower
17:12 Guard Tower
17:12 Guard Tower
17:12 Guard Tower
17:12 Guard Tower
17:13 Guard Tower
17:13 Guard Tower
17:14 Guard Tower
17:14 Guard Tower
18:08 Scout Tower
18:09 Scout Tower
18:11 Scout Tower
18:12 Scout Tower
18:14 Scout Tower
18:35 Guard Tower
18:35 Guard Tower
18:35 Guard Tower
18:37 Guard Tower
18:37 Guard Tower
18:39 Cannon Tower
18:39 Cannon Tower
18:42 Arcane Tower
18:42 Arcane Tower
21:23 Guard Tower
21:23 Guard Tower
» items
| Scroll of Regeneration | 9 | |
| Mechanical Critter | 7 | |
| Boots of Speed | 1 | |
| Staff of Teleportation | 1 | |
| Scroll of Town Portal | 1 | |
| Staff of Sanctuary | 1 | |
| Potion of Lesser Invulnerability | 1 | |
| Orb of Fire | 1 | |
| Ivory Tower | 3 | |
| Potion of Healing | 2 | |
27 total
rejhwrjwrjg (
green | 68 APM | 1744 actions | 25:42)
6 Archmage
3 Blizzard
2 Brilliance Aura
1 Mass Teleport
5 Pit Lord
3 Rain of Fire
2 Howl of Terror
» actions
| Assign group hotkey | 18 | |
| Basic commands | 62 | |
| Build / train | 74 | |
| ESC pressed | 9 | |
| Enter build submenu | 35 | |
| Enter hero's abilities submenu | 12 | |
| Give item / drop item | 1 | |
| Right click | 792 | |
| Select / deselect | 328 | |
| Select group hotkey | 307 | |
| Use ability | 106 | |
1744 total
» units
| Peasant | 10 | |
| Sorceress | 2 | |
| Mortar Team | 4 | |
| Dragonhawk Rider | 3 | |
| Gryphon Rider | 11 | |
30 total
» upgrades
| Gunpowder | 2 | |
| Sorceress Training | 1 | |
| Magic Sentry | 1 | |
| Flare | 1 | |
| Armor | 3 | |
| Masonry | 2 | |
| Swords | 2 | |
| Animal War Training | 1 | |
| Storm Hammers | 1 | |
14 total
» buildings
| Altar of Kings | 1 | |
| Farm | 13 | |
| Scout Tower | 6 | |
| Arcane Tower | 1 | |
| Lumber Mill | 3 | |
| Keep | 1 | |
| Blacksmith | 1 | |
| Guard Tower | 3 | |
| Arcane Sanctum | 1 | |
| Workshop | 3 | |
| Arcane Vault | 1 | |
| Castle | 1 | |
| Gryphon Aviary | 3 | |
| Barracks | 2 | |
40 total
» build order
00:22 Altar of Kings
00:27 Farm
01:30 Farm
01:34 Scout Tower
02:05 Arcane Tower
02:15 Farm
02:48 Scout Tower
02:58 Lumber Mill
04:12 Keep
04:33 Lumber Mill
04:40 Blacksmith
04:50 Lumber Mill
05:01 Scout Tower
05:07 Scout Tower
05:11 Farm
05:13 Farm
05:16 Farm
05:17 Farm
05:59 Farm
06:01 Farm
06:02 Farm
06:05 Farm
06:13 Guard Tower
06:46 Arcane Sanctum
06:47 Workshop
06:48 Workshop
06:53 Workshop
08:51 Arcane Vault
08:55 Scout Tower
10:39 Guard Tower
11:56 Castle
14:29 Gryphon Aviary
14:30 Gryphon Aviary
17:52 Barracks
17:54 Barracks
18:01 Gryphon Aviary
19:15 Farm
19:16 Farm
19:18 Scout Tower
19:49 Guard Tower
» items
| Scroll of Town Portal | 1 | |
| Scroll of Regeneration | 1 | |
| Potion of Healing | 1 | |
| Mechanical Critter | 4 | |
7 total

»
random0ne (
yellow | 21 APM | 547 actions | 25:42)
5 Dreadlord
3 Sleep
1 Carrion Swarm
1 Inferno
3 Death Knight
2 Death Coil
1 Unholy Aura
» actions
| Basic commands | 13 | |
| Build / train | 67 | |
| Enter build submenu | 18 | |
| Enter hero's abilities submenu | 8 | |
| Remove unit from queue | 2 | |
| Right click | 175 | |
| Select / deselect | 223 | |
| Use ability | 41 | |
547 total
» units
| Acolyte | 4 | |
| Ghoul | 5 | |
| Crypt Fiend | 11 | |
| Gargoyle | 14 | |
| Frost Wyrm | 4 | |
| Obsidian Statue | 2 | |
40 total
» upgrades
| Creature Attack | 3 | |
| Creature Carapace | 2 | |
| Web | 1 | |
6 total
» buildings
| Altar of Darkness | 1 | |
| Ziggurat | 6 | |
| Crypt | 1 | |
| Graveyard | 1 | |
| Tomb of Relics | 1 | |
| Halls of the Dead | 1 | |
| Spirit Tower | 4 | |
| Black Citadel | 1 | |
| Sacrificial Pit | 1 | |
| Boneyard | 1 | |
| Slaughterhouse | 1 | |
19 total
» build order
00:10 Altar of Darkness
00:16 Ziggurat
00:36 Crypt
00:57 Ziggurat
01:13 Graveyard
01:25 Tomb of Relics
02:15 Ziggurat
02:46 Ziggurat
04:20 Halls of the Dead
06:25 Ziggurat
07:24 Spirit Tower
07:30 Spirit Tower
08:37 Spirit Tower
08:38 Black Citadel
10:14 Sacrificial Pit
10:25 Spirit Tower
11:13 Boneyard
15:55 Ziggurat
18:17 Slaughterhouse
» items
team 2 (loser)

»
MyPenlsHuge (
teal | 91 APM | 2287 actions | 25:00)
6 Pit Lord
2 Rain of Fire
3 Howl of Terror
1 Doom
» actions
| Assign group hotkey | 38 | |
| Basic commands | 146 | |
| Build / train | 74 | |
| ESC pressed | 16 | |
| Enter build submenu | 20 | |
| Enter hero's abilities submenu | 8 | |
| Give item / drop item | 3 | |
| Right click | 748 | |
| Select / deselect | 436 | |
| Select group hotkey | 667 | |
| Use ability | 131 | |
2287 total
» units
| Acolyte | 15 | |
| Ghoul | 4 | |
| Crypt Fiend | 18 | |
| Obsidian Statue | 6 | |
43 total
» upgrades
| Creature Carapace | 3 | |
| Creature Attack | 3 | |
| Burrow | 1 | |
| Web | 1 | |
| Destroyer Form | 1 | |
9 total
» buildings
| Crypt | 2 | |
| Ziggurat | 8 | |
| Graveyard | 1 | |
| Altar of Darkness | 1 | |
| Tomb of Relics | 1 | |
| Nerubian Tower | 2 | |
| Halls of the Dead | 1 | |
| Slaughterhouse | 1 | |
| Black Citadel | 1 | |
| Sacrificial Pit | 1 | |
| Spirit Tower | 5 | |
24 total
» build order
00:10 Crypt
00:12 Ziggurat
00:49 Graveyard
01:15 Altar of Darkness
01:35 Ziggurat
02:00 Tomb of Relics
03:12 Nerubian Tower
03:26 Ziggurat
04:30 Halls of the Dead
07:15 Slaughterhouse
09:19 Ziggurat
09:41 Ziggurat
10:13 Black Citadel
13:55 Sacrificial Pit
14:10 Spirit Tower
14:29 Spirit Tower
14:30 Spirit Tower
14:36 Ziggurat
15:22 Ziggurat
15:23 Ziggurat
18:04 Spirit Tower
18:05 Nerubian Tower
18:06 Spirit Tower
18:57 Crypt
» items
| Rod of Necromancy | 1 | |
| Periapt of Vitality | 2 | |
| Scroll of Town Portal | 3 | |
6 total

»
MichaelScott (
pink | 52 APM | 1310 actions | 25:21)
7 Death Knight
3 Death Coil
3 Unholy Aura
1 Animate Dead
» actions
| Assign group hotkey | 2 | |
| Basic commands | 1 | |
| Build / train | 59 | |
| Enter build submenu | 14 | |
| Enter hero's abilities submenu | 7 | |
| Right click | 880 | |
| Select / deselect | 282 | |
| Use ability | 65 | |
1310 total
» units
| Acolyte | 2 | |
| Ghoul | 3 | |
| Crypt Fiend | 15 | |
| Frost Wyrm | 7 | |
27 total
» upgrades
| Creature Attack | 2 | |
| Web | 1 | |
| Burrow | 1 | |
| Creature Carapace | 1 | |
5 total
» buildings
| Ziggurat | 7 | |
| Crypt | 1 | |
| Graveyard | 1 | |
| Altar of Darkness | 1 | |
| Nerubian Tower | 1 | |
| Tomb of Relics | 1 | |
| Spirit Tower | 2 | |
| Halls of the Dead | 1 | |
| Black Citadel | 1 | |
| Sacrificial Pit | 1 | |
| Boneyard | 2 | |
19 total
» build order
00:11 Ziggurat
00:40 Crypt
00:51 Graveyard
00:59 Altar of Darkness
01:16 Ziggurat
01:28 Nerubian Tower
02:10 Tomb of Relics
02:22 Ziggurat
04:23 Spirit Tower
05:38 Halls of the Dead
07:49 Spirit Tower
07:54 Ziggurat
07:57 Ziggurat
08:48 Black Citadel
08:53 Sacrificial Pit
12:21 Boneyard
12:27 Boneyard
17:53 Ziggurat
23:35 Ziggurat
» items
| Rod of Necromancy | 2 | |
| Scroll of Town Portal | 4 | |
| Dust of Appearance | 1 | |
7 total
Clan_Ordo (
blue | 56 APM | 1440 actions | 25:37)
4 Mountain King
2 Thunder Clap
2 Storm Bolt
3 Archmage
1 Summon Water Elemental
1 Brilliance Aura
1 Blizzard
» actions
| Assign group hotkey | 41 | |
| Basic commands | 49 | |
| Build / train | 70 | |
| Enter build submenu | 28 | |
| Enter hero's abilities submenu | 7 | |
| Remove unit from queue | 2 | |
| Right click | 717 | |
| Select / deselect | 454 | |
| Select group hotkey | 6 | |
| Use ability | 66 | |
1440 total
» units
| Peasant | 17 | |
| Footman | 5 | |
| Rifleman | 14 | |
| Priest | 2 | |
| Sorceress | 5 | |
43 total
» upgrades
| Defend | 1 | |
| Long Rifles | 1 | |
| Armor | 1 | |
| Priest Training | 1 | |
| Magic Sentry | 1 | |
| Gunpowder | 2 | |
| Sorceress Training | 1 | |
8 total
» buildings
| Altar of Kings | 1 | |
| Barracks | 2 | |
| Farm | 12 | |
| Scout Tower | 6 | |
| Arcane Tower | 3 | |
| Lumber Mill | 1 | |
| Blacksmith | 1 | |
| Keep | 1 | |
| Guard Tower | 1 | |
| Arcane Sanctum | 2 | |
| Arcane Vault | 1 | |
| Castle | 0 | |
31 total
» build order
00:07 Altar of Kings
00:25 Barracks
00:36 Farm
01:10 Scout Tower
01:35 Farm
01:57 Arcane Tower
02:09 Farm
02:17 Lumber Mill
02:52 Blacksmith
03:32 Scout Tower
04:26 Arcane Tower
05:16 Farm
06:02 Farm
06:21 Keep
06:42 Scout Tower
06:45 Farm
07:18 Barracks
07:21 Arcane Tower
07:26 Scout Tower
07:59 Guard Tower
08:26 Farm
10:06 Arcane Sanctum
10:11 Arcane Sanctum
10:23 Farm
11:05 Farm
12:25 Arcane Vault
13:12 Farm
13:47 Scout Tower
14:40 Farm
18:51 Farm
20:33 Castle
21:06 Scout Tower
» items
BADFACKER (
orange | 47 APM | 1215 actions | 25:41)
5 Paladin
2 Divine Shield
3 Devotion Aura
» actions
| Assign group hotkey | 52 | |
| Build / train | 53 | |
| Enter build submenu | 18 | |
| Enter hero's abilities submenu | 7 | |
| Right click | 563 | |
| Select / deselect | 147 | |
| Select group hotkey | 353 | |
| Use ability | 22 | |
1215 total
» units
| Peasant | 7 | |
| Gryphon Rider | 30 | |
| Priest | 5 | |
42 total
» upgrades
| Lumber Harvesting | 1 | |
| Storm Hammers | 1 | |
2 total
» buildings
| Keep | 1 | |
| Lumber Mill | 1 | |
| Altar of Kings | 1 | |
| Farm | 10 | |
| Castle | 1 | |
| Gryphon Aviary | 2 | |
| Arcane Sanctum | 1 | |
17 total
» build order
01:51 Keep
01:56 Lumber Mill
02:06 Altar of Kings
02:11 Farm
04:11 Castle
04:15 Gryphon Aviary
04:18 Gryphon Aviary
04:27 Farm
04:33 Farm
05:13 Arcane Sanctum
05:21 Farm
06:08 Farm
06:54 Farm
07:20 Farm
08:48 Farm
08:56 Farm
10:19 Farm
Chat log
(00:42 / Allies) sObieski: sup
(00:45 / Allies) sObieski: plan?
(01:01 / Allies) Cuck: uhh
(01:04 / Allies) Cuck: rifles for now
(01:20 / Allies) sObieski: k
(04:13 / All) MyPenlsHuge: smart
(04:15 / Allies) Cuck: how did heccatch me lol
(04:24 / Allies) sObieski: what happened
(04:26 / Allies) sObieski: didnt see
(04:33 / Allies) Cuck: a firelord caught my am
(04:39 / Allies) Cuck: oh well
(04:43 / Allies) Cuck: i shoulda bailed ealer
(04:48 / Allies) Cuck: earlier
(04:52 / Allies) sObieski: that happens
(04:55 / Allies) sObieski: when harassing sometimes
(06:43 / Allies) Cuck: lemme know if you need wood or anything green
(08:34 / Allies) sObieski: hit?
(09:28 / Allies) sObieski: gryphsd
(09:45 / Allies) sObieski: gonna try to get some copters and tanks
(11:03 / All) Cuck: lol
(11:54 / Allies) Cuck: b
(13:02 / Allies) Cuck: i like it green
(13:05 / Allies) Cuck: care yellow
(14:02 / Allies) Cuck: did they just mh you green?
(14:16 / Allies) sObieski: was gonna take that red
(14:19 / Allies) sObieski: you taking 2nd expo?
(14:23 / Allies) Cuck: go fo it
(14:26 / Allies) sObieski: ty
(15:06 / Allies) sObieski: lmao
(15:10 / Allies) sObieski: forgot lumber mill all game
(18:40 / Allies) Cuck: check expos
(19:12 / Allies) sObieski: be right there
(19:14 / Allies) sObieski: I got mass tp
(20:29 / Allies) Cuck: gj green
(23:09 / Allies) Cuck: yell
(23:20 / Allies) Cuck: yellow..
(23:34 / Allies) random0ne: waiting on 100g for tp
(24:01 / Allies) Cuck: stay together
(24:04 / Allies) Cuck: with purp nuking we win
(24:09 / Allies) sObieski: I can nuke bases
(24:10 / Allies) sObieski: with critters
(24:27 / Allies) Cuck: tp
(24:43 / Allies) sObieski: one sec
(25:14 / All) MichaelScott: gg
(25:17 / Allies) sObieski: nice
(25:40 / All) Cuck: gg